 Dungeon Crawl Stone Soup version 0.30-a0-385-gfebfb9b408 (webtiles) character file.

Game seed: 9461398544875603610

185 chunkyMonkey the Grave Robber (level 5, -9/49 HPs)
             Began as a Troll Necromancer on Dec 2, 2022.
             Mangled by Duvessa
             ... wielding a +0 short sword
              (11 damage)
             ... on level 4 of the Dungeon.
             The game lasted 00:06:03 (2280 turns).

chunkyMonkey the Grave Robber (Troll Necromancer)   Turns: 2280, Time: 00:06:04

Health: -9/49      AC:  4    Str: 18    XL:     5   Next: 37%
Magic:  6/6        EV: 10    Int: 11    God:
Gold:   111        SH:  0    Dex: 16    Spells: 3/7 levels left

rFire   . . .      SeeInvis .    h - +2 whip (venom)
rCold   . . .      Faith    .    (no shield)
rNeg    . . .      Spirit   .    a - +0 robe
rPois   .          Reflect  .    (helmet restricted)
rElec   .          Harm     .    (no cloak)
rCorr   .          Rampage  .    (gloves unavailable)
Will    .....                    (boots unavailable)
Stlth   ++........               (no amulet)
HPRegen 1.08/turn                q - +6 ring of dexterity
MPRegen 0.10/turn                (no ring)

@: no status effects
A: large, unfitting armour, claws 3, regeneration 1, shaggy fur 1, tough skin 1
a: no special abilities


You were on level 4 of the Dungeon.
You visited 1 branch of the dungeon, and saw 4 of its levels.

You collected 111 gold pieces.

Inventory:

Hand Weapons
 h - a +2 whip of venom (weapon)
Armour
 a - a +0 robe (worn)
Jewellery
 q - a +6 ring of dexterity (left claw)
Wands
 o - a wand of iceblast (6)
 r - a wand of paralysis (5)
Scrolls
 d - 2 scrolls of noise {unknown}
 e - 3 scrolls of teleportation
 f - a scroll of immolation {unknown}
 k - a scroll of fear {unknown}
 m - a scroll of identify {unknown}
 n - a scroll of amnesia {unknown}
 p - a scroll of brand weapon {unknown}
Potions
 b - a potion of magic
 c - 2 potions of mutation {unknown}
 g - a potion of invisibility
 i - a potion of might
 j - a potion of ambrosia {unknown}
 l - a potion of resistance {unknown}


   Skills:
 * Level 2.0 Fighting
 + Level 1.4 Armour
 + Level 2.2 Dodging
 - Level 1.0 Stealth
 + Level 1.7 Spellcasting
 * Level 4.0 Necromancy


You had 3 spell levels left.
You knew the following spells:

 Your Spells              Type           Power      Damage    Failure   Level
a - Necrotise             Necr           36%        1d5       5%          1
b - Vampiric Draining     Necr           9%         2d6       17%         3

Your spell library contained the following spells:

 Spells                   Type           Power      Damage    Failure   Level
 Animate Dead             Necr           9%         N/A       50%         4
 Agony                    Necr           9%         N/A       83%         5
 Borgnjor's Revivificati  Necr           4%         N/A       100%        8
 Necromutation            Tmut/Necr      2%         N/A       100%        8
 Death's Door             Necr           4%         N/A       100%        9


Dungeon Overview and Level Annotations

Branches:
Dungeon (5/15)
 Temple: D:4-7

Altars:

Annotations:
D:4 Duvessa, Menkaure


Innate Abilities, Weirdness & Mutations

You are too large for most types of armour.
You have claws for hands.
Your natural rate of healing is unusually fast.
You are covered in fur. (AC +1)
You have tough skin. (AC +1)


Message History

Aiming: Paralyse
Press: ? - help, Shift-Dir - straight line, f/p - Duvessa
Aim: Duvessa, wielding a +0 short sword and wearing a +0 leather armour (berserk, chance to affect: 31%) Duvessa suddenly stops moving!
The helpless Duvessa fails to defend herself.
You hit Duvessa but do no damage.
Duvessa is poisoned.
The helpless Duvessa fails to defend herself.
You whack Duvessa!
Duvessa looks as sick as possible!
Duvessa is lightly wounded.
The helpless Duvessa fails to defend herself.
You hit Duvessa but do no damage.
Duvessa looks as sick as possible!
Duvessa is lightly wounded.
The helpless Duvessa fails to defend herself.
You hit Duvessa.
Duvessa looks as sick as possible!
Duvessa is moderately wounded.
The helpless Duvessa fails to defend herself.
You hit Duvessa.
Duvessa looks as sick as possible!
Duvessa is heavily wounded.
The helpless Duvessa fails to defend herself.
You hit Duvessa.
Duvessa is severely wounded.
The helpless Duvessa fails to defend herself.
You hit Duvessa but do no damage.
Duvessa looks as sick as possible!
Duvessa is severely wounded.
The helpless Duvessa fails to defend herself.
You hit Duvessa.
Duvessa is severely wounded.
Duvessa is no longer paralysed.
Duvessa hits you with a +0 short sword.
You hit Duvessa but do no damage.
Duvessa looks as sick as possible!
Duvessa is severely wounded.
Duvessa hits you with a +0 short sword! Duvessa hits you but does no damage.
You hit Duvessa.
Duvessa looks as sick as possible!
Duvessa is almost dead.
Duvessa hits you with a +0 short sword! x2
You hit Duvessa.
Duvessa looks as sick as possible!
Duvessa is almost dead.
Duvessa hits you with a +0 short sword!
* * * LOW HITPOINT WARNING * * *
Duvessa hits you with a +0 short sword!
You die...

... ## #### ... #....
####.... #..... ........
#...... ........ ###
##....... ......g. #..#
##e....... .......o
#...###@#....... ........
#....#..#.......
.....##.##.......#..e....
......#.##.......#.......
......#.#####.###########
........# ##.# .....#..#
##..# .....#..###..##
.....#......##


You could see Duvessa (berserk, extremely poisoned).

Vanquished Creatures
  Dowan (D:4)
  A howler monkey (D:5)
  A hound (D:5)
  2 adders
  2 ufetubi (D:5)
  A worm (D:2)
  A dart slug (D:1)
  3 bats
  3 endoplasms (D:1)
  A giant cockroach (D:1)
  8 goblins
  3 hobgoblins (D:1)
  4 kobolds
  5 ball pythons (D:1)
  2 frilled lizards (D:1)
  3 rats (D:1)
41 creatures vanquished.

Notes
Turn   | Place    | Note
-------+----------+-------------------------------------------
     0 | D:1      | chunkyMonkey the Troll Necromancer began the quest for the
                  | Orb.
     0 | D:1      | Reached XP level 1. HP: 16/16 MP: 1/1
   485 | D:1      | Reached XP level 2. HP: 26/26 MP: 0/2
  1239 | D:1      | Reached skill level 1 in Fighting
  1239 | D:1      | Reached XP level 3. HP: 33/33 MP: 4/4
  1822 | D:2      | Learned a level 3 spell: Vampiric Draining
  1876 | D:2      | You fall into a shaft and drop 2 floors!
  1886 | D:4      | Noticed Menkaure
  1898 | D:4      | Noticed an ogre
  1919 | D:5      | Entered Level 5 of the Dungeon
  1924 | D:5      | HP: 1/33 [ufetubus (2)]
  1935 | D:5      | Reached skill level 1 in Armour
  2022 | D:5      | Reached XP level 4. HP: 41/41 MP: 5/5
  2176 | D:5      | Reached XP level 5. HP: 48/49 MP: 6/6
  2258 | D:4      | Noticed Duvessa
  2258 | D:4      | Noticed Dowan
  2267 | D:4      | Killed Dowan
  2268 | D:4      | Reached skill level 4 in Necromancy
  2280 | D:4      | HP: 2/49 [Duvessa/+0 short sword (14)]
  2280 | D:4      | Mangled by Duvessa

Illustrated notes

Levels and vault maps discovered:
D:1:      saegor_arrival_miasma, layout_basic
D:2:      layout_basic, kennysheep_nondescript, uniq_terence,
          uniq_crazy_yiuf_cottage
D:4:      layout_basic, marbit_many_paths, mainiacjoe_overflow_surrounded_room,
          grunt_temple_overflow_diamond, serial_shops, shop_fountains,
          uniq_duvessa, uniq_menkaure
D:5:      minmay_polygon_palace, layout_loops_corners, minmay_shop_damaged,
          minmay_curled_crystal

Skill      XL: |  1  2  3  4  5 |
---------------+----------------+-----
Fighting       | 1 2 |  2.0
Armour         | 1 |  1.4
Dodging        | 2 |  2.2
Necromancy     | 4 |  4.0
Stealth        | |  1.0
Spellcasting   | |  1.7

Action                   |  1- 3 |  4- 6 || total
-------------------------+-------+-------++-------
Melee: Unarmed           |   117 |       ||   117
       Whip              |       |    22 ||    22
       Punch             |       |     2 ||     2
 Cast: Necrotise         |    16 |       ||    16
Evoke: Wand              |       |     4 ||     4
  Use: Potion            |     4 |       ||     4
       Scroll            |     1 |       ||     1
 Stab: Sleeping          |     3 |       ||     3
       Paralysed         |       |    12 ||    12
Armor: Robe              |    52 |     4 ||    56
Dodge: Dodged            |   103 |     5 ||   108

Table legend: (Time is in decaauts)
 A = Elapsed time spent in this place.
 B = Non-inter-level travel time spent in this place.
 C = Inter-level travel time spent in this place.
 D = Time resting spent in this place.
 E = Time spent auto-exploring this place.
 F = Levels seen in this place.
 G = Mean time per level.
                   A        B        C        D        E       F      G
               +--------+--------+--------+--------+--------+-----+--------+
         Total |   2280 |   2263 |     17 |    796 |    873 |   4 |  570.0 |
       Dungeon |   2280 |   2263 |     17 |    796 |    873 |   4 |  570.0 |
               +--------+--------+--------+--------+--------+-----+--------+

Top non-repeatable levels by time:
     D:1: 1622 daAuts
     D:5: 324 daAuts
     D:2: 253 daAuts
     D:4: 80 daAuts
